AoeStats
← Ulosis

Black Forest

510399584Analyzed
2v2 RM · 17h ago on Sep 30, 2026· 49m 42s· 4 players
Game mode
Random Map
Map size
Medium (4 player)
Population
200
Speed
Normal
Resources
Standard
Victory
Conquest
Starting age
Dark Age
Ending age
Imperial Age
RankedLock teamsTeams togetherTeam positionsShared explorationLock speedFull tech treeHidden civsTurbo modeCheats
Victory
Defeat
🇪🇸 Turks · Spain
753
+17
🇹🇷 Mongols · Türkiye
703
+18
🇨🇱 Goths · Chile
783
-18
🇨🇱 Malay · Chile
746
-17
AKANZİ
0:31 Loom
22:28 Feudal Age
25:35 Fishing Lines
25:43 Double-Bit Axe
25:50 Stone Mining
25:51 Gold Mining
25:44 Horse Collar
29:48 Castle Age
31:51 Stone Shaft Mining
31:51 Gold Shaft Mining
31:58 Gold Shaft Mining
31:26 Heavy Plow
31:40 Bow Saw
33:36 Nomads
37:32 Imperial Age
36:44 Caravan
38:35 Gillnets
38:32 Light Cavalry
39:22 Bloodlines
39:12 Husbandry
40:27 Wheelbarrow
39:37 Town Watch
40:42 Hussar
41:37 Forging
41:27 Scale Mail Armor
41:33 Scale Barding Armor
41:28 Padded Archer Armor
41:21 Fletching
42:41 Town Patrol
43:42 Chain Barding Armor
43:38 Chain Mail Armor
44:31 Onager
44:37 Elite Mangudai
45:53 Hoardings
44:48 Sappers
45:39 Conscription
46:33 Leather Archer Armor
46:49 Plate Mail Armor
46:38 Hand Cart
48:05 Iron Casting
47:25 Bodkin Arrow
47:13 Siege Onager
47:14 Capped Ram
49:08 Drill
48:19 Sappers
48:19 Siege Ram
50:06 Blast Furnace
49:07 Bracer
budisimion
11:13 Feudal Age
19:26 Castle Age
17:54 Double-Bit Axe
19:04 Horse Collar
21:41 Town Watch
29:48 Imperial Age
33:32 Fletching
33:43 Padded Archer Armor
41:08 Elite Janissary
Ulosis
1:29 Loom
15:54 Feudal Age
16:33 Double-Bit Axe
21:39 Castle Age
20:29 Gold Mining
22:24 Bow Saw
24:50 Man-at-Arms
28:00 Elite Skirmisher
29:33 Husbandry
28:56 Long Swordsman
35:18 Forging
40:52 Imperial Age
44:01 Thumb Ring
PABLOSKY
0:57 Loom
13:21 Feudal Age
19:02 Castle Age
17:42 Double-Bit Axe
18:01 Horse Collar
20:06 Man-at-Arms
27:39 Bow Saw
27:32 Heavy Plow
27:25 Gold Mining
27:08 Pikeman
30:03 Forging
29:54 Scale Mail Armor
32:43 Stone Mining
33:52 Iron Casting
33:34 Chain Mail Armor
34:54 Caravan
37:32 Imperial Age
35:38 Wheelbarrow
35:45 Stone Shaft Mining
35:17 Squires
40:15 Long Swordsman
46:32 Anarchy
47:47 Blast Furnace
47:54 Conscription
49:37 Perfusion
Connection lost

Rejoining the realm…

Still unreachable

The connection could not be restored.

Session expired

The server has moved on; the page needs a fresh start.